% Time on Ice - LONG BEACH BARACUDAS
Lines # - Real PCT - Wanted PCT - Time Play
Normal Forward
1 - 37% - 37% - 15:16
2 - 30% - 30% - 12:24
3 - 24% - 25% - 9:55
4 - 9% - 8% - 3:39
Normal Defense
1 - 37% - 36% - 15:17
2 - 31% - 31% - 12:59
3 - 26% - 23% - 10:44
4 - 5% - 10% - 2:14
PP Forward
1 - 56% - 55% - 6:01
2 - 44% - 45% - 4:42
PP Defense
1 - 44% - 55% - 4:46
2 - 56% - 45% - 5:57
PK Forward
1 - 58% - 55% - 2:54
2 - 42% - 45% - 2:04
PK Defense
1 - 46% - 55% - 2:16
2 - 54% - 45% - 2:42
PK3 Forward
1 - 0% - 55%
2 - 0% - 45%
PK3 Defense
1 - 0% - 55%
2 - 0% - 45%
44 Forward
1 - 71% - 55% - 2:07
2 - 29% - 45% - 0:51
44 Defense
1 - 72% - 55% - 2:09
2 - 28% - 45% - 0:49
Last Minute Offensive  - 0:00
Last Minute Defensive  - 0:07
Total
Forward - 60:00
Defense - 60:00
% Time on Ice - VICTORIA GLADIATORS
Lines # - Real PCT - Wanted PCT - Time Play
Normal Forward
1 - 39% - 37% - 16:16
2 - 27% - 32% - 11:03
3 - 15% - 23% - 6:02
4 - 19% - 8% - 7:53
Normal Defense
1 - 40% - 36% - 16:29
2 - 31% - 32% - 12:56
3 - 24% - 24% - 10:02
4 - 4% - 8% - 1:47
PP Forward
1 - 46% - 52% - 2:16
2 - 54% - 48% - 2:42
PP Defense
1 - 39% - 52% - 1:56
2 - 61% - 48% - 3:02
PK Forward
1 - 56% - 52% - 5:56
2 - 44% - 48% - 4:35
PK Defense
1 - 62% - 52% - 6:31
2 - 38% - 48% - 4:00
PK3 Forward
1 - 50% - 52% - 0:06
2 - 50% - 48% - 0:06
PK3 Defense
1 - 50% - 52% - 0:06
2 - 50% - 48% - 0:06
44 Forward
1 - 40% - 52% - 1:11
2 - 60% - 48% - 1:47
44 Defense
1 - 62% - 52% - 1:50
2 - 38% - 48% - 1:08
Last Minute Offensive  - 0:07
Last Minute Defensive  - 0:00
Total
Forward - 60:00
Defense - 60:00
Play-by-Play 1st period 0:01 of 1st period - Carl Soderberg wins face-off versus Sidney Crosby in neutral zone. 0:59 of 1st period - Icing by Zach Trotman. 1:00 of 1st period - Steven Stamkos wins face-off versus Frans Nielsen in VICTORIA GLADIATORS zone. 1:05 of 1st period - Shot by Sam Reinhart. 1:05 of 1st period - Shot Misses the Net. 1:07 of 1st period - Shot by Ben Hutton. 1:07 of 1st period - Stopped by Jack Campbell without a rebound. 1:08 of 1st period - Frans Nielsen wins face-off versus Nolan Patrick in VICTORIA GLADIATORS zone. 1:22 of 1st period - Off-side. 1:23 of 1st period - Steven Stamkos wins face-off versus Jason Spezza in neutral zone. 1:35 of 1st period - Jordan Oesterle is hit by Dion Phaneuf and loses puck. 2:08 of 1st period - Icing by Jordan Oesterle. 2:09 of 1st period - Steven Stamkos wins face-off versus Frans Nielsen in LONG BEACH BARACUDAS zone. 2:09 of 1st period - Steven Stamkos is hit by Frans Nielsen. 2:29 of 1st period - Minor Penalty to Nick Foligno for Hooking. 2:30 of 1st period - Jason Spezza wins face-off versus Sidney Crosby in VICTORIA GLADIATORS zone. 3:40 of 1st period - Shot by Kyle Connor. 3:40 of 1st period - Shot Blocked by Matt Bartkowski. 3:42 of 1st period - Shot by Elias Lindholm. 3:42 of 1st period - Shot Misses the Net. 3:44 of 1st period - Shot by Ben Hutton. 3:44 of 1st period - Stopped by Jack Campbell without a rebound. 3:45 of 1st period - Sidney Crosby wins face-off versus Frans Nielsen in VICTORIA GLADIATORS zone. 4:11 of 1st period - Shot by Taylor Hall. 4:11 of 1st period - Stopped by Jack Campbell without a rebound. 4:12 of 1st period - Jason Spezza wins face-off versus Steven Stamkos in VICTORIA GLADIATORS zone. 4:57 of 1st period - Shot by Luke Kunin. 4:57 of 1st period - Shot Misses the Net. 4:59 of 1st period - Shot by Brandon Montour. 4:59 of 1st period - Shot Misses the Net. 5:01 of 1st period - Shot by Brandon Montour. 5:01 of 1st period - Stopped by Jack Campbell without a rebound. 5:02 of 1st period - Nolan Patrick wins face-off versus Mikkel Boedker in VICTORIA GLADIATORS zone. 5:12 of 1st period - Icing by Colin Wilson. 5:13 of 1st period - Carl Soderberg wins face-off versus Taylor Hall in VICTORIA GLADIATORS zone. 5:30 of 1st period - Off-side. 5:31 of 1st period - Patrick Maroon wins face-off versus Nolan Patrick in neutral zone. 5:40 of 1st period - Shot by Patrick Maroon. 5:40 of 1st period - Shot Misses the Net. 5:43 of 1st period - Icing by Brandon Montour. 5:44 of 1st period - Frans Nielsen wins face-off versus Nolan Patrick in LONG BEACH BARACUDAS zone. 6:26 of 1st period - Frans Nielsen is hit by Ben Hutton and loses puck. 6:38 of 1st period - Off-side. 6:39 of 1st period - Sidney Crosby wins face-off versus Carl Soderberg in neutral zone. 7:11 of 1st period - Shot by Colin Wilson. 7:11 of 1st period - Stopped by Darcy Kuemper without a rebound. 7:12 of 1st period - Jason Spezza wins face-off versus Steven Stamkos in LONG BEACH BARACUDAS zone. 7:37 of 1st period - Shot by Jason Spezza. 7:37 of 1st period - Shot Misses the Net. 7:47 of 1st period - Off-side. 7:48 of 1st period - Sidney Crosby wins face-off versus Frans Nielsen in neutral zone. 8:11 of 1st period - Shot by Sidney Crosby. 8:11 of 1st period - Deflect By Elias Lindholm. 8:11 of 1st period - Shot Misses the Net. 8:13 of 1st period - Shot by Taylor Hall. 8:13 of 1st period - Goal by Taylor Hall - LONG BEACH BARACUDAS : 1 - VICTORIA GLADIATORS : 0. 8:14 of 1st period - Carl Soderberg wins face-off versus Nolan Patrick in neutral zone. 9:57 of 1st period - Minor Penalty to Ben Hutton for Roughing. 9:58 of 1st period - Derick Brassard wins face-off versus Frans Nielsen in LONG BEACH BARACUDAS zone. 10:11 of 1st period - Shot by Torey Krug. 10:11 of 1st period - Shot Blocked by Elias Lindholm. 10:13 of 1st period - Shot by Nick Foligno. 10:13 of 1st period - Shot Misses the Net. 10:15 of 1st period - Shot by Frans Nielsen. 10:15 of 1st period - Stopped by Darcy Kuemper without a rebound. 10:16 of 1st period - Brad Richardson wins face-off versus Carl Soderberg in LONG BEACH BARACUDAS zone. 12:01 of 1st period - Shot by Patrick Maroon. 12:01 of 1st period - Stopped by Darcy Kuemper without a rebound. 12:02 of 1st period - Riley Sheahan wins face-off versus Steven Stamkos in LONG BEACH BARACUDAS zone. 12:06 of 1st period - Icing by Zachary Werenski. 12:07 of 1st period - Jason Spezza wins face-off versus Steven Stamkos in LONG BEACH BARACUDAS zone. 12:23 of 1st period - Shot by Sam Reinhart. 12:23 of 1st period - Stopped by Jack Campbell without a rebound. 12:24 of 1st period - Frans Nielsen wins face-off versus Sidney Crosby in VICTORIA GLADIATORS zone. 12:34 of 1st period - Shot by Alex Iafallo. 12:34 of 1st period - Shot Blocked by Jordan Oesterle. 13:21 of 1st period - Sam Reinhart is hit by Colin Wilson and loses puck. 13:44 of 1st period - Shot by Sam Reinhart. 13:44 of 1st period - Shot Blocked by Torey Krug. 13:46 of 1st period - Shot by Steven Stamkos. 13:46 of 1st period - Shot Blocked by Jonathan Ericsson. 13:48 of 1st period - Shot by Sam Reinhart. 13:48 of 1st period - Stopped by Jack Campbell without a rebound. 13:49 of 1st period - Jason Spezza wins face-off versus Nolan Patrick in VICTORIA GLADIATORS zone. 14:12 of 1st period - Shot by Riley Sheahan. 14:12 of 1st period - Shot Misses the Net. 14:21 of 1st period - Jason Spezza is hit by Alex Pietrangelo. 14:49 of 1st period - Nick Foligno is hit by Alex Pietrangelo and loses puck. 15:17 of 1st period - Minor Penalty to Dion Phaneuf for Delaying the game. 15:17 of 1st period - Minor Penalty to Brandon Montour for Roughing. 15:18 of 1st period - Lars Eller wins face-off versus Derick Brassard in VICTORIA GLADIATORS zone. 15:18 of 1st period - Lars Eller is hit by Derick Brassard. 15:30 of 1st period - Shot by Lars Eller. 15:30 of 1st period - Shot Blocked by Jordan Oesterle. 15:32 of 1st period - Shot by Lars Eller. 15:32 of 1st period - Deflect By Colin Wilson. 15:32 of 1st period - Stopped by Darcy Kuemper with a rebound. 15:34 of 1st period - Shot by Colin Wilson. 15:34 of 1st period - Shot Misses the Net. 15:36 of 1st period - Shot by Lars Eller. 15:36 of 1st period - Shot Misses the Net. 15:44 of 1st period - Shot by Colin Wilson. 15:44 of 1st period - Shot Blocked by Taylor Hall. 15:46 of 1st period - Shot by Lars Eller. 15:46 of 1st period - Deflect By Colin Wilson. 15:46 of 1st period - Shot Misses the Net. 15:48 of 1st period - Shot by Colin Wilson. 15:48 of 1st period - Stopped by Darcy Kuemper with a rebound. 16:58 of 1st period - Shot by Taylor Hall. 16:58 of 1st period - Shot Misses the Net. 17:00 of 1st period - Shot by Taylor Hall. 17:00 of 1st period - Shot Misses the Net. 18:27 of 1st period - Off-side. 18:28 of 1st period - Derick Brassard wins face-off versus Carl Soderberg in neutral zone. 18:33 of 1st period - Shot by Daniel Carr. 18:33 of 1st period - Shot Blocked by Mikkel Boedker. 19:25 of 1st period - Shot by Taylor Hall. 19:25 of 1st period - Stopped by Jack Campbell without a rebound. 19:26 of 1st period - Nolan Patrick wins face-off versus Jason Spezza in VICTORIA GLADIATORS zone. 19:35 of 1st period - Shot by Torey Krug. 19:35 of 1st period - Stopped by Darcy Kuemper without a rebound. 19:36 of 1st period - Frans Nielsen wins face-off versus Sidney Crosby in LONG BEACH BARACUDAS zone. 19:40 of 1st period - Icing by Elias Lindholm. 19:41 of 1st period - Carl Soderberg wins face-off versus Sidney Crosby in LONG BEACH BARACUDAS zone. Goals for this period are 1 for LONG BEACH BARACUDAS vs 0 for VICTORIA GLADIATORS. Shots for this period are 8 for LONG BEACH BARACUDAS vs 6 for VICTORIA GLADIATORS. 2nd period 0:01 of 2nd period - Frans Nielsen wins face-off versus Sidney Crosby in neutral zone. 0:04 of 2nd period - Ben Hutton is hit by Nick Foligno and loses puck. 1:31 of 2nd period - Icing by Jonathan Ericsson. 1:32 of 2nd period - Frans Nielsen wins face-off versus Kyle Palmieri in VICTORIA GLADIATORS zone. 1:54 of 2nd period - Minor Penalty to Nolan Patrick for Tripping. 1:55 of 2nd period - Carl Soderberg wins face-off versus Derick Brassard in LONG BEACH BARACUDAS zone. 3:23 of 2nd period - Icing by Nick Foligno. 3:24 of 2nd period - Frans Nielsen wins face-off versus Brad Richardson in VICTORIA GLADIATORS zone. 3:43 of 2nd period - Shot by Kyle Palmieri. 3:43 of 2nd period - Shot Misses the Net. 3:45 of 2nd period - Shot by Brad Richardson. 3:45 of 2nd period - Shot Misses the Net. 4:01 of 2nd period - Shot by Steven Stamkos. 4:01 of 2nd period - Deflect By Sam Reinhart. 4:01 of 2nd period - Shot Misses the Net. 4:03 of 2nd period - Shot by Steven Stamkos. 4:03 of 2nd period - Stopped by Jack Campbell without a rebound. 4:04 of 2nd period - Steven Stamkos wins face-off versus Jason Spezza in VICTORIA GLADIATORS zone. 4:07 of 2nd period - Shot by Kyle Connor. 4:07 of 2nd period - Shot Misses the Net. 4:09 of 2nd period - Shot by Sam Reinhart. 4:09 of 2nd period - Shot Blocked by Riley Sheahan. 4:13 of 2nd period - Shot by Steven Stamkos. 4:13 of 2nd period - Stopped by Jack Campbell without a rebound. 4:14 of 2nd period - Sidney Crosby wins face-off versus Carl Soderberg in VICTORIA GLADIATORS zone. 4:46 of 2nd period - Shot by Sidney Crosby. 4:46 of 2nd period - Stopped by Jack Campbell without a rebound. 4:47 of 2nd period - Steven Stamkos wins face-off versus Frans Nielsen in VICTORIA GLADIATORS zone.